AoeStats
← kapustarinta

African Clearing

510579201Analyzed
4v4 RM · 23h ago on Oct 1, 2026· 48m 24s· 8 players
Game mode
Random Map
Map size
Large (8 player)
Population
200
Speed
Normal
Resources
Standard
Victory
Conquest
Starting age
Dark Age
Ending age
Imperial Age
RankedLock teamsTeams togetherTeam positionsShared explorationLock speedFull tech treeHidden civsTurbo modeCheats
Victory
Defeat
🇫🇮 Huns · Finland
1107
+15
🇫🇮 Mongols · Finland
1093
+16
🇫🇮 Spanish · Finland
1066
+17
🇫🇮 Franks · Finland
946
+20
🇳🇱 Khitans · Netherlands
1104
-18
🇫🇷 Koreans · France
1080
-17
🇳🇱 Armenians · Netherlands
1078
-17
🇩🇪 Turks · Germany
1060
-16
Achileus
9:24 Loom
13:14 Feudal Age
18:44 Bloodlines
38:35 Castle Age
joueur1andre
4:26 Loom
12:39 Feudal Age
15:56 Double-Bit Axe
18:35 Castle Age
17:45 Gold Mining
17:48 Stone Mining
19:44 Wheelbarrow
20:44 Town Watch
21:51 Crossbowman
23:43 Hand Cart
28:32 Fletching
29:41 Horse Collar
32:00 Bodkin Arrow
32:29 Ballistics
32:25 Town Patrol
33:02 Pikeman
34:27 Gold Shaft Mining
34:06 Murder Holes
34:21 Masonry
33:53 Treadmill Crane
36:29 Squires
36:59 Scale Mail Armor
37:10 Forging
36:49 Arson
36:26 Man-at-Arms
40:50 Imperial Age
38:04 Man-at-Arms
39:03 Fortified Wall
40:23 Chain Mail Armor
40:44 Iron Casting
41:34 Bracer
42:38 Chemistry
41:44 Eupseong
41:32 Halberdier
44:13 Scale Barding Armor
44:41 Plate Mail Armor
45:04 Architecture
Marietje Toch
3:12 Loom
3:33 Loom
12:42 Feudal Age
12:55 Man-at-Arms
14:19 Town Watch
15:43 Forging
18:08 Domestication
23:56 Castle Age
22:07 Stone Mining
25:15 Fletching
32:56 Scale Mail Armor
33:17 Squires
35:23 Chain Mail Armor
35:47 Iron Casting
37:07 Chain Mail Armor
38:41 Arson
45:02 Imperial Age
44:21 Bodkin Arrow
45:36 Ballistics
45:54 Lamellar Armor
JewelerMaster
9:31 Loom
18:25 Feudal Age
19:46 Wheelbarrow
24:24 Horse Collar
38:38 Castle Age
38:30 Double-Bit Axe
38:45 Gold Mining
41:11 Bow Saw
Slam-9
12:43 Loom
18:00 Feudal Age
28:13 Castle Age
36:13 Scale Mail Armor
36:24 Forging
36:21 Scale Barding Armor
46:16 Imperial Age
johku90
11:45 Loom
13:31 Feudal Age
16:00 Double-Bit Axe
18:35 Castle Age
18:24 Forging
18:28 Bloodlines
31:36 Fletching
31:46 Padded Archer Armor
34:01 Horse Collar
38:23 Ballistics
42:53 Wheelbarrow
42:40 Bodkin Arrow
43:00 Leather Archer Armor
46:28 Imperial Age
44:27 Masonry
45:55 Thumb Ring
46:36 Husbandry
46:30 Elite Mangudai
47:12 Bracer
48:21 Chemistry
Hatfuls
6:48 Loom
12:49 Feudal Age
12:53 Man-at-Arms
15:38 Wheelbarrow
17:22 Gold Mining
23:04 Castle Age
22:20 Horse Collar
24:21 Bloodlines
26:02 Double-Bit Axe
28:02 Hand Cart
34:29 Ballistics
35:20 Forging
35:16 Scale Barding Armor
35:07 Elite Skirmisher
40:06 Bow Saw
40:20 Chain Barding Armor
43:59 Imperial Age
41:45 Fletching
41:56 Padded Archer Armor
43:49 Scale Mail Armor
44:11 Bodkin Arrow
44:32 Leather Archer Armor
kapustarinta
5:37 Loom
13:13 Feudal Age
13:46 Man-at-Arms
14:39 Arson
19:39 Forging
24:57 Castle Age
24:24 Padded Archer Armor
28:43 Double-Bit Axe
28:39 Horse Collar
32:55 Fletching
34:45 Leather Archer Armor
34:42 Town Watch
38:29 Wheelbarrow
44:08 Imperial Age
43:14 Bow Saw
43:13 Heavy Plow
44:16 Bodkin Arrow
46:30 Chemistry
46:26 Ballistics
46:02 Murder Holes
Connection lost

Rejoining the realm…

Still unreachable

The connection could not be restored.

Session expired

The server has moved on; the page needs a fresh start.